 Dungeon Crawl Stone Soup version 0.17-a0-227-gf5308cc (webtiles) character file.

1 Pikaro the Sneak (level 1, 0/14 HPs)
             Began as an Octopode Assassin on Mar 29, 2015.
             Slain by a giant gecko (4 damage)
             ... on level 1 of the Dungeon.
             The game lasted 00:00:11 (26 turns).

Pikaro the Sneak (Octopode Assassin)                  Turns: 26, Time: 00:00:11

Health: 0/14       AC:  1    Str: 10    XL:     1   Next: 20%
Magic:  1/1        EV: 11    Int: 13    God:
Gold:   0          SH:  0    Dex: 13    Spells: 0 memorised, 0 levels left

rFire  . . .     SeeInvis .     a - +2 dagger
rCold  . . .     Clarity  .     (no shield)
rNeg   . . .     SustAb   .     (helmet restricted)
rPois  .         Gourm    .     (no amulet)
rElec  .         Spirit   .     (no ring)
rCorr  .         Warding  .     (no ring)
rMut   .         Stasis   .     (no ring)
MR     .....                    (no ring)
Stlth  ++++......               (no ring)
                                (no ring)
                                (no ring)
                                (no ring)

@: not resistant to hostile enchantments, stealthy
A: almost no armour, amphibious, 8 rings, constrict 8, camouflage 1, gelatinous
body 1
a: no special abilities


You were on level 1 of the Dungeon.
You were not hungry.

You visited 1 branch of the dungeon, and saw 1 of its levels.

Inventory:

Hand weapons
 a - a +2 dagger (weapon)
 b - a +0 blowgun
Missiles
 e - 8 poisoned needles
 f - 2 curare-tipped needles
Comestibles
 g - a bread ration


   Skills:
 - Level 2.0 Fighting
 + Level 2.1 Short Blades
 - Level 2.0 Throwing
 - Level 1.0 Dodging
 - Level 5.3 Stealth


You couldn't memorise any spells.
You didn't know any spells.

Dungeon Overview and Level Annotations

Branches:
Dungeon (1/15)

Altars:


Innate Abilities, Weirdness & Mutations

You cannot wear most types of armour.
You are amphibious.
You can wear up to eight rings at the same time.
You can use your tentacles to constrict many enemies at once.
Your skin changes colour to match your surroundings (Stealth).
Your rubbery body absorbs attacks (AC +1).


Message History

Trunk games don't count for the tournament, you want 0.16.
Play trunk anyway? (Y/N) Welcome, Pikaro the Octopode Assassin.
Will you prevail where others failed? Will you find the Orb of Zot?
A hobgoblin comes into view. It is wielding a club.
A giant gecko comes into view.
The helpless hobgoblin fails to defend itself.
You hit the hobgoblin!!
You kill the hobgoblin!
The giant gecko misses you.
You barely miss the giant gecko. Your grab misses the giant gecko.
The giant gecko bites you.
You take 4 damage, and have 10/14 hp.
MASSIVE DAMAGE!!
You barely miss the giant gecko. Your grab misses the giant gecko.
Your squeeze misses the giant gecko. The giant gecko bites you.
You take 2 damage, and have 8/14 hp.
You hit the giant gecko. Your grab misses the giant gecko.
The giant gecko bites you.
* * * LOW HITPOINT WARNING * * *
You take 4 damage, and have 4/14 hp.
MASSIVE DAMAGE!!
HP below 50%!
You closely miss the giant gecko. Your grab misses the giant gecko.
The giant gecko bites you.
You die...

#.###### . #.##...###
#..# #+#'##.#.#.. #..#
# #...##.#.#.# #..# .#
+.<.'..#.#.# +..# .#
#...####.#.###..##>####
#+#+# #....##........
####.##...l.# #.#...@#
##'...)# #.....#
#......)... #.....#####
.......# ....⌠...#
........# ........#


You could see a giant gecko.

Vanquished Creatures
  A hobgoblin (D:1)
1 creature vanquished.

Notes
Turn   | Place    | Note
--------------------------------------------------------------
     0 | D:1      | Pikaro, the Octopode Assassin, began the quest for the Orb.
     0 | D:1      | Reached XP level 1. HP: 14/14 MP: 1/1
    26 | D:1      | Slain by a giant gecko

Action                   || total
-------------------------++-------
Melee: Dagger            ||     5
 Stab: Sleeping          ||     1

Vault maps used:
D:1:      nicolae_arrival_somewhat_less_tricky_arrival, minivault_11,
          lemuel_flame_loot_1

Table legend:
 A = Turns spent in this place as a percentage of turns spent in the entire game.
 B = Non-inter-level travel turns spent in this place as a percentage of non-inter-level travel turns spent in the entire game.
 C = Inter-level travel turns spent in this place as a percentage of turns spent in this place.
 D = Turns resting spent in this place as a percentage of non-inter-level travel turns spent in this place.
 E = Turns spent auto-exploring this place as a percentage of non-inter-level travel turns spent in this place.
 F = Non-inter-level travel turns spent in this place divided by the number of levels of this place that you've seen.
                   A       B       C       D       E      F
               +-------+-------+-------+-------+-------+----------------------
         Total | 100.0 | 100.0 |   0.0 |   0.0 |   8.3 |  12.0
       Dungeon | 100.0 | 100.0 |   0.0 |   0.0 |   8.3 |  12.0
               +-------+-------+-------+-------+-------+----------------------

Table legend:
 A = Kills in this place as a percentage of kills in entire the game.
 B = Kills by you in this place as a percentage of kills by you in the entire game.
 C = Kills by friends in this place as a percentage of kills by friends in the entire game.
 D = Other kills in this place as a percentage of other kills in the entire game.
 E = Experience gained in this place as a percentage of experience gained in the entire game.
 F = Experience gained in this place divided by the number of levels of this place that you have seen.
                   A       B       C       D       E      F
               +-------+-------+-------+-------+-------+----------------------
         Total | 100.0 | 100.0 |  -nan |  -nan | 100.0 |   2.0
       Dungeon | 100.0 | 100.0 |  -nan |  -nan | 100.0 |   2.0
               +-------+-------+-------+-------+-------+----------------------
